 Dungeon Crawl Stone Soup version 0.23-b1-59-g586d0d887c (webtiles) character file.

Game seed: 951824204136368864

281802 Kifli the Earth Mage (level 21, -7/130 HPs)
             Began as a Human Earth Elementalist on Feb 3, 2019.
             Was the Champion of Kikubaaqudgha.
             Shot with a bolt by a yaktaur captain (33 damage)
             ... on level 4 of the Vaults on Feb 4, 2019.
             The game lasted 13:16:42 (66135 turns).

Kifli the Earth Mage (Human Earth Elementalist)    Turns: 66135, Time: 13:16:43

Health: -7/130     AC: 13    Str: 18    XL:     21   Next: 82%
Magic:  28/57      EV: 32    Int: 31    God:    Kikubaaqudgha [******]
Gold:   1009       SH:  0    Dex: 24    Spells: 2/55 levels left

rFire    + + .     SeeInvis .   W - staff of power
rCold    + . .     Gourm    .   Y - +1 buckler {rF+}
rNeg     + . .     Faith    .   a - +4 robe of Augmentation {Str+4 Int+4 Dex+4}
rPois    .         Spirit   .   h - +2 hat of Gatih {Dex+2}
rElec    .         Reflect  .   Q - scarf {rC+ rF+}
rCorr    .         Harm     .   X - +1 pair of gloves of the Failed Coup {+Fly MR+ Dex+3 Stlth+}
MR       ++...                  u - +2 pair of boots
Stlth    ++++......             V - amulet of magic regeneration
HPRegen  1.31/turn              j - ring of Doico {+Blink rN+ Int+3 Stlth+}
MPRegen  0.60/turn              b - ring of Tiread {EV+4 Str+5}

@: confused, marked, regenerating
A: no striking features
}: 1/15 runes: decaying
a: Receive Corpses, Torment, Renounce Religion, Evoke Blink, Evoke Flight


You were on level 4 of the Vaults.
You worshipped Kikubaaqudgha.
Kikubaaqudgha was exalted by your worship.
You were not hungry.

You visited 10 branches of the dungeon, and saw 38 of its levels.
You also visited: Gauntlet and Ice Cave.

You collected 4411 gold pieces.
You spent 3402 gold pieces at shops.

Inventory:

Hand Weapons
 c - the +4 hand axe of the Battered Realms {venom, rPois Int+2 Dex+3}
   (You bought it in a shop on level 10 of the Dungeon)

   It poisons the flesh of those it strikes.
   It affects your intelligence (+2).
   It affects your dexterity (+3).
   It protects you from poison.
 p - the +10 halberd of Imbalance {drain, rElec MR+ SInv}
   (You found it on level 6 of the Lair of Beasts)

   A truly terrible weapon, it drains the life of those it strikes.
   It insulates you from electricity.
   It affects your resistance to hostile enchantments.
   It lets you see invisible.
Missiles
 k - 180 stones (quivered)
Armour
 a - the +4 robe of Augmentation (worn) {Str+4 Int+4 Dex+4}
   (You bought it in a shop on level 7 of the Dungeon)

   It affects your strength (+4).
   It affects your intelligence (+4).
   It affects your dexterity (+4).
 h - the +2 hat of Gatih (worn) {Dex+2}
   (You found it in a Gauntlet)

   It affects your dexterity (+2).
 u - a +2 pair of boots (worn)
 Q - a scarf of resistance (worn)
 X - the +1 pair of gloves of the Failed Coup (worn) {+Fly MR+ Dex+3 Stlth+}
   (You bought it in a shop on level 2 of the Orcish Mines)

   It affects your dexterity (+3).
   It affects your resistance to hostile enchantments.
   It lets you fly.
   It makes you more stealthy.
 Y - a +1 buckler of fire resistance (worn)
Magical Staves
 z - an uncursed staff of wizardry
 W - an uncursed staff of power (weapon)
Jewellery
 b - the ring of Tiread (right hand) {EV+4 Str+5}
   (You found it in an ice cave)

   [ring of evasion]

   It affects your evasion (+4).
   It affects your strength (+5).
 g - an uncursed ring of see invisible
 i - the ring "Waosch" {rCorr rN++}
   (You found it in an ice cave)

   [ring of resist corrosion]

   It greatly protects you from negative energy.
 j - the ring of Doico (left hand) {+Blink rN+ Int+3 Stlth+}
   (You found it on level 3 of the Crypt)

   [ring of positive energy]

   It affects your intelligence (+3).
   It protects you from negative energy.
   It lets you blink.
   It makes you more stealthy.
 q - the ring of the Worm {rF+ rN+}
   (You found it on level 3 of the Crypt)

   [ring of positive energy]

   It protects you from fire.
   It protects you from negative energy.
 L - an uncursed ring of protection from cold
 S - an uncursed ring of ice
 V - an amulet of magic regeneration (around neck)
Wands
 o - a wand of acid (19)
 s - a wand of iceblast (14)
 t - a wand of flame (59)
 H - a wand of paralysis (7)
 I - a wand of digging (1)
 M - a wand of clouds (10)
 U - a wand of polymorph (18)
Scrolls
 l - a scroll of summoning
 m - a scroll of magic mapping
 r - 12 scrolls of teleportation
 v - 13 scrolls of remove curse
 A - 3 scrolls of blinking
 J - 3 scrolls of fog
 K - 2 scrolls of fear
 O - 5 scrolls of identify
Potions
 e - 8 potions of might
 f - 8 potions of curing
 w - a potion of brilliance
 x - 5 potions of cancellation
 B - 3 potions of magic
 C - 5 potions of mutation
 D - 2 potions of lignification
 E - a potion of agility
 F - 4 potions of haste
 N - a potion of flight
 P - 2 potions of ambrosia
 R - 3 potions of resistance
Miscellaneous
 n - a lightning rod (4/4)
 y - a fan of gales
 T - a box of beasts
 Z - a phial of floods
Comestibles
 d - 24 rations


   Skills:
 + Level 2.4 Fighting
 * Level 15.8 Dodging
 - Level 6.0 Stealth
 - Level 4.0 Shields
 + Level 17.9 Spellcasting
 + Level 8.2 Conjurations
 + Level 1.5 Hexes
 + Level 3.3 Charms
 + Level 0.5 Summonings
 + Level 15.0 Necromancy
   Level 1.0 Transmutations
 + Level 1.8 Fire Magic
 + Level 3.1 Ice Magic
 + Level 18.2 Earth Magic
 + Level 1.1 Evocations


You had 2 spell levels left.
You knew the following spells:

 Your Spells              Type           Power        Failure   Level  Hunger
a - Simulacrum            Ice/Necr       ######....   5%          6    None
b - Animate Dead          Necr           N/A          1%          4    None
d - Lee's Rapid Deconstr  Erth           #######...   1%          5    None
e - Bolt of Magma         Conj/Fire/Erth ######....   1%          5    None
f - Sublimation of Blood  Necr           #######...   0%          2    None
g - Iron Shot             Conj/Erth      #######...   1%          6    None
h - Dispel Undead         Necr           #######.     1%          5    None
i - Summon Butterflies    Summ           ####....     1%          1    None
j - Borgnjor's Vile Clut  Necr/Erth      #######...   1%          5    None
k - Bolt of Draining      Conj/Necr      #######...   1%          5    None
l - Leda's Liquefaction   Hex/Erth       ######....   1%          4    None
m - Swiftness             Chrm/Air       #####...     1%          2    None
n - Regeneration          Chrm/Necr      ######....   1%          3    None

Your spell library contained the following spells:

 Spells                   Type           Power        Failure   Level  Hunger
 Animate Skeleton         Necr           N/A          0%          1    None
 Pain                     Necr           ####         0%          1    None
 Sandblast                Erth           ######       0%          1    None
 Apportation              Tloc           ####..       1%          1    None
 Confusing Touch          Hex            #####.       1%          1    None
 Corona                   Hex            #####..      1%          1    None
 Infusion                 Chrm           ####         1%          1    None
 Shock                    Conj/Air       ####         1%          1    None
 Summon Small Mammal      Summ           ####         1%          1    None
 Ensorcelled Hibernation  Hex/Ice        #####.       1%          2    None
 Passwall                 Tmut/Erth      ######..     1%          2    None
 Shroud of Golubria       Chrm/Tloc      #####.....   1%          2    None
 Song of Slaying          Chrm           #####...     1%          2    None
 Poisonous Vapours        Pois/Air       ####..       2%          2    None
 Vampiric Draining        Necr           #######...   0%          3    None
 Conjure Flame            Conj/Fire      ######..     1%          3    None
 Dazzling Spray           Conj/Hex       ######       1%          3    None
 Mephitic Cloud           Conj/Pois/Air  #####...     1%          3    None
 Spectral Weapon          Hex/Chrm       #####...     1%          3    None
 Static Discharge         Conj/Air       ######..     1%          3    None
 Stone Arrow              Conj/Erth      ######       1%          3    None
 Petrify                  Tmut/Erth      ######..     1%          4    None
 Excruciating Wounds      Chrm/Necr      ######....   1%          5    None
 Confuse                  Hex            #####...     2%          3    None
 Tukima's Dance           Hex            #####...     2%          3    None
 Gell's Gravitas          Tloc           ####......   4%          3    None
 Lesser Beckoning         Tloc           ####......   4%          3    None
 Statue Form              Tmut/Erth      ######...    4%          6    None
 Irradiate                Conj/Tmut      ######....   6%          5    None
 Lightning Bolt           Conj/Air       ######....   8%          5    None
 Airstrike                Air            ####......   14%         4    None
 Metabolic Englaciation   Hex/Ice        #####.....   16%         5    None
 Borgnjor's Revivificati  Necr           #######...   21%         8    #####..
 Infestation              Necr           #######...   21%         8    #####..
 Yara's Violent Unravell  Hex/Tmut       #####.....   24%         5    None
 Alistair's Intoxication  Tmut/Pois      ####....     32%         5    None
 Freezing Cloud           Conj/Ice/Air   ######....   43%         6    None
 Haunt                    Necr/Summ      ######....   45%         7    ####...
 Shatter                  Erth           #######...   63%         9    #######
 Deflect Missiles         Chrm/Air       #####.....   75%         6    None
 Invisibility             Hex            #####...     75%         6    None
 Hydra Form               Tmut           ####......   82%         6    None
 Death's Door             Chrm/Necr      ######....   91%         8    #####..
 Necromutation            Tmut/Necr      ######....   98%         8    #####..
 Ring of Flames           Chrm/Fire      #####.....   99%         7    ####...
 Dragon Form              Tmut           ####......   100%        7    ####...


Dungeon Overview and Level Annotations

Branches:
Dungeon (15/15)            Temple (1/1) D:7            Lair (6/6) D:11
  Swamp (4/4) Lair:3        Snake (1/4) Lair:2        Slime (0/5) Lair:5
    Orc (2/2) D:10            Elf (1/3) Orc:2        Vaults (4/5) D:14
  Crypt (3/3) Vaults:3       Tomb (0/3) Crypt:3      Depths (1/5) D:15

Altars:
Ashenzari
Cheibriados
Dithmenos
Elyvilon
Fedhas
Gozag
Hepliaklqana
Kikubaaqudgha
Makhleb
Nemelex Xobeh
Okawaru
Qazlal
Ru
Sif Muna
Trog
Uskayaw
Vehumet
Wu Jian
Xom
Yredelemnul
Zin
The Shining One
Jiyva

Shops:
D:5 (   D:6 (   D:7 [}   D:8 (   D:10 (   D:11 (   D:14 [[%(   Orc:2 [%(%
Vaults:1 *=::   Vaults:3 [   Depths:1 ?=[

Annotations:
D:14 3 runed translucent doors, Qymaymp's ghost, adept GrEE
Snake:1 Frances
Crypt:1 3 runed translucent doors, Qemy's ghost, master GnTm
Crypt:2 Mennas


Message History

Your human simulacrum is unaffected.
The yaktaur captain resists with almost no effort.
The yaktaur looks frightened!
Your human simulacrum hits the yaktaur but does no damage.
Your human simulacrum's attack snaps the yaktaur out of its fear.
Your vault sentinel skeleton hits the yaktaur with a +0 war axe. x2
As you read the scroll of fog, it crumbles to dust.
The scroll dissolves into smoke.
The yaktaur wields a +0 arbalest.
The yaktaur shoots a bolt.
The bolt hits your human simulacrum!!
Your human simulacrum vapourises!
The yaktaur unwields a +0 arbalest.
The yaktaur hits your vault sentinel skeleton!
The yaktaur captain shoots a bolt.
The bolt hits you!!
* * * LOW HITPOINT WARNING * * *
You are confused.
You feel invigorated.
The yaktaur barely misses your vault sentinel skeleton.
The yaktaur captain shoots a bolt.
The bolt hits you!!
You die...
Kikubaaqudgha rasps: "You have failed me!
Welcome... death!"

.....c........#
....c..Z°.c...#
.......(.cC(..#
###########Z..#
#.........#...#
#.#.........#(..#
#.#.........#...#
#.#.........#§§§#
####.#...^.....#@§§#
.....#.........#§§§#
.....#########'#c§§#
............(.(....#
.........(..(...(..#
...................#
###'################
..#...#..#.############
##'######'###.........#


You could see a stone giant, a yaktaur captain, a yaktaur and a friendly vault
sentinel skeleton.

Vanquished Creatures
  Saint Roka (Crypt:3)
  3 liches
  Rupert (Lair:4)
  5 thorn hunters
  Agnes (D:15)
  A tengu reaver (Vaults:4)
  3 sphinxes
  2 revenants (Crypt:3)
  A fire giant (D:15)
  2 frost giants
  A draconian knight (Vaults:2)
  A vault warden (Vaults:3)
  A juggernaut zombie (Crypt:3)
  2 ghouls (Crypt:1)
  2 curse skulls
  6 stone giants
  5 ironheart preservers
  A spriggan defender (Vaults:2)
  An entropy weaver (Vaults:3)
  A vampire knight (Vaults:2)
  2 very ugly things (Vaults:3)
  A minotaur (Gauntlet)
  6 eidola
  An ettin (Vaults:3)
  Snorg (Lair:4)
  A spectral golden dragon (Crypt:3)
  A fire dragon (Vaults:2)
  2 jiangshi
  Fannar (D:11)
  2 yaktaur captains
  27 hydras
  An ice dragon (Vaults:3)
  3 rakshasas
  Harold (Orc:1)
  A great orb of eyes (Vaults:4)
  The ghost of Xaxieg the Thaumaturge, a journeyman GnSk of Ashenzari (D:11)
  A vault guard (Vaults:3)
  2 ghost crabs (Swamp:4)
  3 shambling mangroves
  A naga warrior (Snake:1)
  17 alligators
  A merfolk avatar (Lair:6)
  3 death knights
  8 ogre magi
  3 dancing weapons
  10 centaur warriors
  33 two-headed ogres
  2 spectral fire giants (Crypt:3)
  A spectral stone giant (Crypt:3)
  2 vampire magi
  Urug (Lair:4)
  2 tengu warriors (D:15)
  Sonja (Lair:4)
  2 fire crabs
  A spectral catoblepas (Crypt:3)
  28 skeletal warriors
  A ghost moth zombie (Crypt:2)
  18 shadow wraiths
  5 wizards
  A sea snake (Lair:6)
  12 deep trolls
  3 unseen horrors
  4 flayed ghosts
  A golden dragon zombie (Crypt:1)
  Pikel (D:4)
  A shadow dragon zombie (Crypt:2)
  20 phantasmal warriors
  7 deep elf archers
  6 orc knights
  6 ironbrand convokers
  9 swamp dragons (Swamp:4)
  2 necromancers (Crypt:1)
  4 harpies
  18 deep elf magi
  2 orc sorcerers
  A cyclops (shapeshifter) (D:15)
  6 wolf spiders
  3 cyclopes
  A salamander (Depths:1)
  17 ugly things
  An iron dragon skeleton (Crypt:1)
  4 oklob plants (Lair:1)
  11 vault sentinels
  2 ice statues (IceCv)
  15 elephants
  3 manticores
  5 black mambas
  A frost giant skeleton (Crypt:1)
  2 gargoyles
  9 rime drakes
  15 komodo dragons
  14 spiny frogs
  2 yaktaurs
  A minotaur zombie (Crypt:2)
  13 freezing wraiths
  A hellwing (Depths:1)
  An efreet (D:15)
  A catoblepas skeleton (Crypt:1)
  A jumping spider (shapeshifter) (Vaults:1)
  A merfolk (shapeshifter) (Vaults:4)
  A hydra zombie (Crypt:1)
  3 trolls
  3 wind drakes (Lair:6)
  15 hornets
  3 meliai (D:15)
  Grinder (D:6)
  3 polar bears
  5 bog bodies
  40 slime creatures
  6 blink frogs
  15 tyrant leeches
  2 hippogriffs (shapeshifter)
  2 hippogriffs
  A fire dragon zombie (Crypt:1)
  A human simulacrum (Vaults:1)
  24 yaks
  Sigmund (D:3)
  2 redbacks (Vaults:3)
  12 wraiths
  11 flying skulls
  An ettin skeleton (Crypt:1)
  14 shadows
  11 wyverns
  A dire elephant simulacrum (Crypt:1)
  4 spriggans
  5 fire bats (Gauntlet)
  A small abomination (Gauntlet)
  5 basilisks
  A steam dragon (D:9)
  5 hungry ghosts
  19 vampire mosquitoes
  A neqoxec (Gauntlet)
  A soldier ant (shapeshifter) (Vaults:4)
  4 wargs
  15 swamp worms
  2 soldier ants (D:15)
  3 acid dragons
  2 nagas (Snake:1)
  An acid dragon (shapeshifter) (Vaults:3)
  3 hell hounds (Gauntlet)
  15 water moccasins
  A torturous demonspawn skeleton (Crypt:3)
  5 porcupines
  4 sky beasts
  A spiny frog skeleton (Crypt:1)
  A hornet zombie (D:15)
  14 swamp drakes
  21 orc warriors
  5 black bears
  A dream sheep zombie (Crypt:3)
  An ettin simulacrum (Vaults:1)
  A necrophage (Crypt:1)
  3 phantoms
  An eye of draining (shapeshifter) (D:13)
  20 ice beasts
  5 wolves (Lair:6)
  32 ogres
  18 centaurs
  A manticore skeleton (Crypt:1)
  12 crocodiles
  6 big kobolds
  A bullfrog (shapeshifter) (Vaults:3)
  A gnoll sergeant (D:4)
  12 bullfrogs
  A hippogriff skeleton (Crypt:2)
  A draconian skeleton (Crypt:1)
  A yaktaur skeleton (Crypt:2)
  3 scorpions
  A cyclops skeleton (Crypt:1)
  4 electric eels
  7 wights
  4 howler monkeys
  4 crimson imps
  4 centaur zombies
  A quasit (D:11)
  2 bullfrog zombies
  21 orc priests
  5 hounds
  3 jellies
  A basilisk zombie (Crypt:3)
  6 centaur skeletons
  25 orc wizards
  A human skeleton (Crypt:2)
  3 iguanas
  7 worker ants
  A felid skeleton (Crypt:3)
  A hound zombie (Crypt:3)
  2 hound skeletons
  17 gnolls
  16 adders
  A steam dragon zombie (Crypt:2)
  3 shadow imps
  3 oozes
  2 adder zombies
  A halfling skeleton (Crypt:2)
  An iguana skeleton (Crypt:3)
  4 worms
  3 dart slugs
  6 leopard geckos
  83 orcs
  3 ball pythons
  8 giant cockroaches
  11 hobgoblins
  6 jackals
  3 quokkas
  5 bats
  2 frilled lizards
  2 frilled lizard skeletons
  18 goblins
  A hobgoblin zombie (Crypt:2)
  A jackal skeleton (Crypt:3)
  29 kobolds
  A quokka skeleton (D:4)
  8 rats
  5 briar patches (Swamp:4)
  5 fungi
  4 plants
1260 creatures vanquished.

Vanquished Creatures (collateral kills)
  Mara (Crypt:2)
  A juggernaut skeleton (Crypt:1)
  A spriggan defender (Vaults:2)
  An eidolon (Vaults:3)
  A spectral shadow dragon (Crypt:3)
  4 two-headed ogres
  An ogre mage (Vaults:4)
  A shadow wraith (Crypt:3)
  2 deep trolls (Vaults:3)
  A wizard (Vaults:3)
  A harpy (Vaults:4)
  3 orc knights
  2 phantasmal warriors
  A necromancer (Vaults:4)
  A vault sentinel (Vaults:3)
  A freezing wraith (Crypt:3)
  A yaktaur (Vaults:3)
  A hornet (Swamp:1)
  3 slime creatures (Vaults:3)
  2 flying skulls
  A redback (Vaults:3)
  A shadow (Crypt:3)
  2 wraiths (Crypt:1)
  A warg (Vaults:4)
  A polar bear zombie (Crypt:1)
  3 orcs
39 creatures vanquished.

Vanquished Creatures (others)
  A small abomination (Gauntlet)
  A bush (Lair:2)
  8 fungi
  11 plants
  12 toadstools (Swamp:1)
33 creatures vanquished.

Grand Total: 1332 creatures vanquished

Notes
Turn   | Place    | Note
-------+----------+-------------------------------------------
     0 | D:1      | Kifli the Human Earth Elementalist began the quest for the
                  | Orb.
     0 | D:1      | Reached XP level 1. HP: 13/13 MP: 3/3
   143 | D:1      | Reached XP level 2. HP: 18/19 MP: 0/5
   496 | D:1      | Reached XP level 3. HP: 21/24 MP: 3/6
   549 | D:1      | Learned a level 3 spell: Stone Arrow
  1116 | D:2      | Reached skill level 4 in Earth Magic
  1116 | D:2      | Reached XP level 4. HP: 30/30 MP: 4/7
  2234 | D:2      | Reached XP level 5. HP: 35/35 MP: 6/9
  2319 | D:3      | Noticed Sigmund
  2626 | D:2      | Learned a level 2 spell: Passwall
  3073 | D:2      | Reached skill level 5 in Earth Magic
  3073 | D:2      | Reached XP level 6. HP: 35/41 MP: 3/10
  5071 | D:3      | Reached skill level 1 in Conjurations
  5453 | D:4      | Noticed an ogre
  5683 | D:4      | Noticed a phantom
  5734 | D:4      | Reached XP level 7. HP: 44/46 MP: 12/12
  7104 | D:3      | Killed Sigmund
  7199 | D:5      | Entered Level 5 of the Dungeon
  7636 | D:5      | Reached skill level 6 in Earth Magic
  7636 | D:5      | Reached XP level 8. HP: 52/52 MP: 5/14
  7733 | D:3      | Learned a level 5 spell: Lee's Rapid Deconstruction
  8468 | D:4      | Reached skill level 5 in Spellcasting
  8750 | D:5      | Noticed Pikel
  8766 | D:4      | Killed Pikel
  8766 | D:4      | Reached skill level 7 in Earth Magic
  8766 | D:4      | Reached XP level 9. HP: 47/57 MP: 10/18
  8888 | D:5      | Found Kafimodi's Weapon Shop.
  9060 | D:6      | Found a glowing golden altar of the Shining One.
  9195 | D:6      | Found an opulent altar of Gozag.
  9335 | D:6      | Noticed Grinder
  9337 | D:6      | Paralysed by Grinder for 2 turns
  9343 | D:6      | Killed Grinder
  9343 | D:6      | Reached skill level 5 in Dodging
  9576 | D:5      | Reached skill level 8 in Earth Magic
 10031 | D:6      | Found Cefurybb's Weapon Emporium.
 10043 | D:6      | Learned a level 4 spell: Petrify
 10527 | D:7      | Found a hazy altar of Hepliaklqana.
 10553 | D:7      | Found Hiwup's Gadget Shop.
 10685 | D:7      | Found Jiucoas's Armour Boutique.
 10725 | D:7      | Found a staircase to the Ecumenical Temple.
 10804 | Temple   | Entered the Ecumenical Temple
 11027 | Temple   | Became a worshipper of Kikubaaqudgha
 11341 | D:8      | Found a glowing silver altar of Zin.
 11341 | D:8      | Found a basalt altar of Yredelemnul.
 11346 | D:8      | Found a white marble altar of Elyvilon.
 11348 | D:8      | Found a shimmering altar of Xom.
 11349 | D:8      | Found an ornate altar of the Wu Jian Council.
 11404 | D:8      | Reached XP level 10. HP: 63/63 MP: 8/20
 11717 | D:8      | Found a bloodstained altar of Trog.
 11843 | D:8      | Reached * piety under Kikubaaqudgha
 11843 | D:8      | Identified Kikubaaqudgha's Almanac of Sinister Rites
                  | (Kikubaaqudgha gifted it to you on level 8 of the Dungeon)
 11843 | D:8      | Received a gift from Kikubaaqudgha
 11855 | D:8      | Learned a level 2 spell: Sublimation of Blood
 11889 | D:8      | Paralysed by a hornet for 2 turns
 12097 | D:9      | Reached skill level 9 in Earth Magic
 12199 | D:9      | Reached skill level 5 in Stealth
 12572 | D:9      | Reached skill level 1 in Necromancy
 13485 | D:8      | Found Exaawe's Antique Weapon Shop.
 13807 | D:10     | Entered Level 10 of the Dungeon
 13863 | D:10     | Noticed a two-headed ogre
 13867 | D:10     | Killed a two-headed ogre
 13867 | D:10     | Reached skill level 10 in Earth Magic
 13867 | D:10     | Reached XP level 11. HP: 68/68 MP: 7/23
 14310 | D:10     | Noticed a two-headed ogre
 14396 | D:10     | Killed a two-headed ogre
 14597 | D:10     | Found a staircase to the Orcish Mines.
 14857 | D:10     | Found Oluxky's Weapon Emporium.
 15391 | D:11     | Found a staircase to the Lair.
 15472 | D:11     | Found a runed translucent door.
 15474 | D:11     | Noticed Xaxieg's ghost (journeyman GnSk)
 15484 | D:11     | Found Binaif's Antique Weapon Shoppe.
 15494 | D:11     | Reached ** piety under Kikubaaqudgha
 15610 | D:11     | Noticed an eight-headed hydra
 15867 | D:11     | Noticed a manticore
 16022 | D:11     | Killed a manticore
 16130 | Lair:1   | Entered Level 1 of the Lair of Beasts
 16253 | Lair:1   | Noticed an oklob plant
 16508 | Lair:1   | Noticed an oklob plant
 16962 | Lair:1   | Noticed a seven-headed hydra
 17038 | Lair:2   | Noticed an eight-headed hydra
 17177 | Orc:1    | Entered Level 1 of the Orcish Mines
 17234 | Orc:1    | Noticed Harold
 17263 | Orc:1    | Found a frozen archway.
 17267 | Orc:1    | Reached skill level 1 in Evocations
 17286 | Orc:1    | Learned a level 1 spell: Animate Skeleton
 17288 | Orc:1    | Learned a level 1 spell: Summon Small Mammal
 17289 | IceCv    | Entered an ice cave
 17292 | IceCv    | Reached skill level 11 in Earth Magic
 17307 | IceCv    | Reached XP level 12. HP: 74/74 MP: 1/25
 17311 | IceCv    | Reached skill level 10 in Spellcasting
 17499 | IceCv    | Reached skill level 5 in Necromancy
 17999 | IceCv    | Noticed an ice dragon
 17999 | IceCv    | Noticed an ice dragon
 18107 | IceCv    | Learned a level 1 spell: Summon Butterflies
 18134 | IceCv    | Got a scintillating lapis lazuli ring
 18142 | IceCv    | Got a wavering bone ring
 18336 | D:10     | Identified the ring of Tiread {EV+4 Str+5} (You found it in
                  | an ice cave)
 18337 | D:10     | Identified the ring "Waosch" {rCorr rN++} (You found it in
                  | an ice cave)
 18588 | D:7      | Bought the +4 robe of Augmentation {Str+4 Int+4 Dex+4} for
                  | 793 gold pieces
 18588 | D:7      | Found the +4 robe of Augmentation {Str+4 Int+4 Dex+4}
 19187 | Orc:2    | Entered Level 2 of the Orcish Mines
 19191 | Orc:2    | Reached *** piety under Kikubaaqudgha
 19191 | Orc:2    | Identified Kikubaaqudgha's Incunabulum of Necromancy
                  | (Kikubaaqudgha gifted it to you on level 2 of the Orcish
                  | Mines)
 19191 | Orc:2    | Received a gift from Kikubaaqudgha
 19248 | D:10     | Learned a level 5 spell: Borgnjor's Vile Clutch
 19254 | D:10     | Learned a level 5 spell: Bolt of Draining
 19450 | D:11     | Killed an eight-headed hydra
 19489 | D:11     | Killed an unseen horror
 19707 | Lair:1   | Killed a seven-headed hydra
 19944 | Lair:1   | Noticed a six-headed hydra
 19950 | Lair:1   | Killed a six-headed hydra
 20428 | Lair:1   | Reached skill level 12 in Earth Magic
 20565 | Lair:2   | Killed an eight-headed hydra
 20572 | Lair:2   | Reached XP level 13. HP: 80/80 MP: 13/28
 20776 | Lair:2   | Found a staircase to the Snake Pit.
 20807 | Lair:2   | Noticed a four-headed hydra
 21494 | D:11     | Noticed Fannar
 21586 | D:12     | Learned a level 5 spell: Bolt of Magma
 22132 | D:12     | Reached **** piety under Kikubaaqudgha
 22713 | D:13     | Found a gate leading to a gauntlet.
 22730 | Gauntlet | Entered a Gauntlet
 22730 | Gauntlet | Found a transporter.
 22735 | Gauntlet | Found a transporter.
 22736 | Gauntlet | Found a transporter.
 22740 | Gauntlet | Found a transporter.
 22778 | Gauntlet | Noticed a catoblepas
 22779 | Gauntlet | Found a transporter.
 22818 | Gauntlet | Found a transporter.
 22821 | Gauntlet | Found a transporter.
 22824 | Gauntlet | Found a transporter.
 22824 | Gauntlet | Found a transporter.
 22825 | Gauntlet | Found a transporter.
 22831 | Gauntlet | Found a runed translucent door.
 22878 | Gauntlet | Found a transporter.
 22902 | Gauntlet | Found a transporter.
 22903 | Gauntlet | Found a runed translucent door.
 23019 | Gauntlet | Learned a level 4 spell: Leda's Liquefaction
 23241 | Gauntlet | Got a heavily runed hat
 23252 | Gauntlet | Identified the +2 hat of Gatih {Dex+2} (You found it in a
                  | Gauntlet)
 23285 | Gauntlet | Got a brightly glowing hat
 23345 | Gauntlet | Noticed a minotaur
 23543 | Gauntlet | Identified the +1 hat of Submission {-Cast Int+4 Stlth+}
                  | (You found it in a Gauntlet)
 23569 | Gauntlet | Killed a minotaur
 24814 | D:14     | Found Secamid's Armour Shop.
 24840 | D:14     | Found Kake's Food Emporium.
 24840 | D:14     | You fall through a shaft!
 24840 | D:15     | Entered Level 15 of the Dungeon
 24947 | D:15     | Found a blossoming altar of Fedhas.
 25237 | D:14     | Found Hostrit's Antique Armour Boutique.
 25242 | D:14     | Bought a pair of embroidered gloves for 292 gold pieces
 25242 | D:14     | Bought an embroidered scarf for 312 gold pieces
 25320 | D:14     | Reached skill level 13 in Earth Magic
 25369 | D:14     | Found a bloodstained altar of Trog.
 25492 | D:14     | Noticed a centaur warrior
 25674 | D:14     | Found a runed translucent gate.
 25674 | D:14     | Found a runed translucent gate.
 25674 | D:14     | Found a runed translucent gate.
 25676 | D:14     | Noticed a 12-headed hydra
 25677 | D:14     | Noticed a 14-headed hydra
 25677 | D:14     | Noticed Qymaymp's ghost (adept GrEE)
 25747 | D:14     | Reached XP level 14. HP: 86/86 MP: 1/30
 25903 | D:14     | Found Amakh's Weapon Shoppe.
 26017 | D:14     | Reached skill level 10 in Dodging
 26296 | D:14     | Found a gate to the Vaults.
 26804 | Orc:1    | Killed Harold
 27021 | Orc:1    | Found a bloodstained altar of Trog.
 27219 | Orc:2    | Found a staircase to the Elven Halls.
 27234 | Orc:2    | Reached ***** piety under Kikubaaqudgha
 27536 | Orc:2    | Reached skill level 5 in Conjurations
 28161 | Orc:2    | Reached skill level 14 in Earth Magic
 28381 | Orc:2    | Found Wasais's Weapon Shoppe.
 28381 | Orc:2    | Found Fugulac's Antique Armour Shop.
 28382 | Orc:2    | Found Magg's Food Boutique.
 28382 | Orc:2    | Found Zunt's Food Shoppe.
 28540 | Orc:2    | Bought a pair of shimmering gloves for 313 gold pieces
 28550 | Orc:2    | Identified the +1 pair of gloves of the Failed Coup {+Fly
                  | MR+ Dex+3 Stlth+} (You bought it in a shop on level 2 of
                  | the Orcish Mines)
 29133 | Lair:2   | Reached XP level 15. HP: 91/91 MP: 15/31
 29796 | Lair:3   | Found a sparkling altar of Nemelex Xobeh.
 29895 | Lair:3   | Found a staircase to the Swamp.
 30516 | Lair:3   | Learned a level 2 spell: Swiftness
 30894 | Lair:4   | Noticed Snorg
 30906 | Lair:4   | Killed Snorg
 30906 | Lair:4   | Reached skill level 15 in Earth Magic
 31321 | Lair:4   | Noticed Sonja
 31326 | Lair:4   | Killed Sonja
 31492 | Lair:4   | Noticed Rupert
 31716 | Lair:4   | Noticed Urug
 31720 | Lair:4   | Killed Urug
 32155 | Swamp:1  | Entered Level 1 of the Swamp
 33485 | Swamp:1  | Reached skill level 1 in Fighting
 34087 | Swamp:1  | Noticed a thorn hunter
 34107 | Swamp:1  | Killed a thorn hunter
 34638 | D:10     | Bought the +4 hand axe of the Battered Realms {venom, rPois
                  | Int+2 Dex+3} for 588 gold pieces
 34695 | Elf:1    | Entered Level 1 of the Elven Halls
 34879 | Orc:2    | Reached XP level 16. HP: 96/99 MP: 12/32
 35214 | Snake:1  | Entered Level 1 of the Snake Pit
 35323 | Snake:1  | Noticed Frances
 35810 | Swamp:2  | Reached ****** piety under Kikubaaqudgha
 36542 | Swamp:2  | Reached skill level 1 in Shields
 36607 | Swamp:2  | Received a gift from Kikubaaqudgha
 37827 | Swamp:3  | Reached skill level 16 in Earth Magic
 38034 | Swamp:3  | Got a slimy mace
 38035 | Swamp:3  | Identified the cursed +0 mace of Abuse {crush, Str+5} (You
                  | found it on level 3 of the Swamp)
 39084 | Swamp:3  | Noticed a thorn hunter
 39102 | Swamp:3  | Killed a thorn hunter
 39352 | Swamp:3  | Learned a level 6 spell: Iron Shot
 39353 | Swamp:4  | Entered Level 4 of the Swamp
 39458 | Swamp:4  | Noticed a thorn hunter
 41229 | Swamp:4  | Reached XP level 17. HP: 104/104 MP: 10/34
 41889 | Swamp:4  | Noticed a thorn hunter
 41913 | Swamp:4  | Killed a thorn hunter
 42033 | Swamp:4  | Killed a thorn hunter
 42891 | Swamp:4  | Noticed a thorn hunter
 42902 | Swamp:4  | Killed a thorn hunter
 43192 | Swamp:4  | Got a decaying rune of Zot
 43552 | Lair:4   | Killed Rupert
 43552 | Lair:4   | Reached skill level 10 in Necromancy
 44284 | Lair:5   | Found a staircase to the Slime Pits.
 44284 | Lair:5   | Found a viscous altar of Jiyva.
 44546 | Lair:6   | Entered Level 6 of the Lair of Beasts
 46618 | Lair:6   | Identified the Disquisition on Dusty Lightness
 46642 | Lair:6   | Got an ancient halberd
 46674 | Lair:6   | Reached skill level 17 in Earth Magic
 47089 | Lair:1   | Identified the +10 halberd of Imbalance {drain, rElec MR+
                  | SInv} (You found it on level 6 of the Lair of Beasts)
 47137 | D:11     | Killed Xaxieg's ghost
 47137 | D:11     | Reached XP level 18. HP: 69/112 MP: 1/36
 47418 | D:11     | Killed Fannar
 47651 | D:15     | Found a staircase to the Depths.
 47664 | D:15     | Reached skill level 1 in Fire Magic
 48024 | D:15     | Noticed Agnes
 48036 | D:15     | Killed Agnes
 49819 | Depths:1 | Entered Level 1 of the Depths
 49886 | Depths:1 | Found Paik's Antique Armour Boutique.
 49888 | Depths:1 | Found Vetsuh's Jewellery Shop.
 49890 | Depths:1 | Found Herif's Magic Scroll Boutique.
 49902 | Depths:1 | Bought a scroll of identify for 38 gold pieces
 49902 | Depths:1 | Bought a scroll of identify for 38 gold pieces
 49902 | Depths:1 | Bought a scroll of identify for 38 gold pieces
 50124 | Vaults:1 | Entered Level 1 of the Vaults
 50135 | Vaults:1 | Found Exadeub's Jewellery Shop.
 50143 | Vaults:1 | Bought an uncursed ring of see invisible for 270 gold
                  | pieces
 50176 | Vaults:1 | Reached skill level 15 in Spellcasting
 51413 | Vaults:1 | Learned a level 5 spell: Dispel Undead
 51731 | Vaults:1 | Found Wentush's Book Shoppe.
 51747 | Vaults:1 | Bought a book of Necromancy for 450 gold pieces
 51756 | Vaults:1 | Learned a level 4 spell: Animate Dead
 52861 | Vaults:1 | Found Humyecol's Book Shoppe.
 53000 | Vaults:1 | Found Jypieh's Assorted Antiques.
 53018 | Vaults:1 | Bought a scroll of identify for 90 gold pieces
 53018 | Vaults:1 | Bought a scroll of identify for 90 gold pieces
 53018 | Vaults:1 | Bought a scroll of identify for 90 gold pieces
 53127 | Vaults:1 | Got a brightly glowing leather armour
 53128 | Vaults:1 | Identified the cursed +1 leather armour "Zogh" {Str+8} (You
                  | found it on level 1 of the Vaults)
 53525 | Vaults:2 | Reached XP level 19. HP: 118/118 MP: 29/38
 56473 | Vaults:3 | Learned a level 3 spell: Regeneration
 57555 | Vaults:3 | Reached skill level 1 in Hexes
 57621 | Vaults:3 | Found Tomaitadd's Armour Shoppe.
 57643 | Vaults:3 | Noticed a lich
 57650 | Vaults:3 | Killed a lich
 57697 | Vaults:3 | Found a staircase to the Crypt.
 57816 | Vaults:3 | Identified the ring "Doloq" {rCorr rElec}
 58678 | Vaults:3 | Reached XP level 20. HP: 95/125 MP: 17/40
 58921 | Crypt:1  | Entered Level 1 of the Crypt
 60150 | Crypt:1  | Reached skill level 1 in Charms
 60223 | Crypt:1  | Found a runed translucent gate.
 60323 | Crypt:1  | Found a runed translucent gate.
 60325 | Crypt:1  | Found a runed translucent gate.
 60512 | Crypt:1  | Noticed Qemy's ghost (master GnTm)
 60992 | Crypt:1  | Reached skill level 15 in Dodging
 61257 | Crypt:2  | Noticed Mara
 61266 | Crypt:2  | Killed Mara
 61266 | Crypt:2  | Reached skill level 18 in Earth Magic
 62566 | Crypt:2  | Noticed Mennas
 62620 | Crypt:3  | Entered Level 3 of the Crypt
 62914 | Crypt:3  | Learned a level 6 spell: Simulacrum
 63041 | Crypt:3  | Reached skill level 1 in Ice Magic
 63391 | Crypt:3  | Noticed Saint Roka
 63407 | Crypt:3  | Killed Saint Roka
 63590 | Crypt:3  | Found a staircase to the Tomb.
 63645 | Crypt:3  | Reached XP level 21. HP: 130/130 MP: 21/42
 64238 | Crypt:3  | Found an ancient bone altar of Kikubaaqudgha.
 64738 | Crypt:3  | Got an ivory quarterstaff
 64739 | Crypt:3  | Identified the cursed +2 quarterstaff "Rahoypoh" {freeze,
                  | Fragile rF+ rC+ Int+3} (You found it on level 3 of the
                  | Crypt)
 65333 | Crypt:3  | Got a transparent turquoise ring
 65333 | Crypt:3  | Got a glittering turquoise ring
 65333 | Crypt:3  | Got a coiled steel ring
 65335 | Crypt:3  | Identified the ring of Doico {+Blink rN+ Int+3 Stlth+} (You
                  | found it on level 3 of the Crypt)
 65337 | Crypt:3  | Identified the ring of the Worm {rF+ rN+} (You found it on
                  | level 3 of the Crypt)
 65339 | Crypt:3  | Identified the ring "Qayd" {*Slow rElec rN+ SInv Stlth+}
                  | (You found it on level 3 of the Crypt)
 65341 | Crypt:3  | Upgraded the game from 0.23-b1-51-gfe822ef6ca to
                  | 0.23-b1-59-g586d0d887c
 66072 | Vaults:4 | Reached skill level 15 in Necromancy
 66135 | Vaults:4 | Shot with a bolt by a yaktaur captain

Skill      XL: |  1  2  3  4  5  6  7  8  9 10 11 12 13 14 15 16 17 18 19 20 21 |
---------------+----------------------------------------------------------------+-----
Earth Magic    | 4 5 6 7 8 10 11 12 13 14 15 16 17 18 | 18.2
Spellcasting   | 3 4 6 7 8 9 11 12 13 14 15 16 17 | 17.9
Conjurations   | 1 4 6 7 8 |  8.2
Dodging        | 3 4 5 7 8 9 10 11 12 13 14 15 | 15.8
Stealth        | 3 4 5 6 |  6.0
Necromancy     | 3 4 6 7 9 10 11 12 14 15 | 15.0
Evocations     | 1 |  1.1
Fighting       | 1 2 |  2.4
Shields        | 4 |  4.0
Fire Magic     | 1 |  1.8
Hexes          | 1 |  1.5
Charms         | 3 |  3.3
Ice Magic      | 2 3 |  3.1
Summonings     | |  0.5
Transmutations | |  1.0

Action                   |  1- 3 |  4- 6 |  7- 9 | 10-12 | 13-15 | 16-18 | 19-21 || total
-------------------------+-------+-------+-------+-------+-------+-------+-------++-------
Melee: Dagger            |    14 |    52 |       |     7 |    51 |       |       ||   124
       Hand axe          |       |    44 |    51 |       |       |   293 |   168 ||   556
       Trident           |       |       |    34 |    33 |    22 |       |       ||    89
       Staff             |       |       |       |       |       |       |     1 ||     1
 Fire: Blowgun           |       |       |     3 |    11 |       |       |       ||    14
Throw: Stone             |     2 |     2 |     1 |    37 |    55 |    54 |    36 ||   187
       Tomahawk          |       |    12 |    25 |    21 |    19 |       |       ||    77
 Cast: Sandblast         |    36 |    59 |    70 |   145 |   219 |   170 |    13 ||   712
       Stone Arrow       |       |    33 |    43 |    60 |    55 |    49 |       ||   240
       Lee's Rapid Decon |       |       |     1 |    89 |    63 |    16 |     6 ||   175
       Summon Small Mamm |       |       |       |     7 |       |       |       ||     7
       Summon Butterflie |       |       |       |     6 |     4 |       |     1 ||    11
       Sublimation of Bl |       |       |       |     2 |    12 |    27 |   116 ||   157
       Borgnjor's Vile C |       |       |       |     1 |   109 |   170 |   136 ||   416
       Petrify           |       |       |       |     1 |       |       |       ||     1
       Leda's Liquefacti |       |       |       |       |     2 |     9 |    22 ||    33
       Bolt of Draining  |       |       |       |       |    73 |   235 |   109 ||   417
       Bolt of Magma     |       |       |       |       |    14 |    31 |    27 ||    72
       Iron Shot         |       |       |       |       |       |    24 |    15 ||    39
       Dispel Undead     |       |       |       |       |       |    12 |   228 ||   240
       Animate Dead      |       |       |       |       |       |     5 |    50 ||    55
       Regeneration      |       |       |       |       |       |       |    82 ||    82
       Swiftness         |       |       |       |       |       |       |     1 ||     1
       Simulacrum        |       |       |       |       |       |       |     8 ||     8
Invok: Receive Necronomi |       |       |       |       |       |     1 |       ||     1
       Receive Corpses   |       |       |       |       |       |       |     8 ||     8
 Abil: Evoke Flight      |       |       |       |       |       |       |     2 ||     2
Evoke: Wand              |       |       |     5 |    14 |     7 |    12 |       ||    38
  Use: Potion            |       |     1 |       |     4 |     6 |     1 |     6 ||    18
       Scroll            |       |       |    10 |    18 |    12 |    16 |    11 ||    67
 Stab: Sleeping          |     3 |     2 |     7 |     7 |     5 |     7 |     2 ||    33
       Distracted        |       |       |     1 |       |       |       |     2 ||     3
  Eat: Chunk             |     1 |    17 |    12 |    16 |    49 |    46 |    26 ||   167
       Ration            |       |       |     3 |     9 |     6 |     7 |     7 ||    32
Armor: Robe              |     3 |    18 |    24 |    28 |    46 |    54 |    36 ||   209
Dodge: Dodged            |    13 |    72 |   110 |    96 |   281 |   617 |   350 ||  1539
Block: Buckler           |       |       |       |       |       |   137 |   103 ||   240
